 Dungeon Crawl Stone Soup version 0.19.4 (console) character file.

116687 itsmu the Thaumaturge (level 17, -6/126 HPs)
             Began as a Formicid Fire Elementalist on Feb 4, 2017.
             Was an Initiate of Gozag.
             Mangled by an orc warlord
             ... wielding a +3 great sword
              (20 damage)
             ... on level 1 of the Orcish Mines.
             The game lasted 02:10:53 (35948 turns).

itsmu the Thaumaturge (Formicid Fire Elementalist) Turns: 35948, Time: 02:10:55

Health: -6/126     AC:  8    Str: 19    XL:     17   Next: 27%
Magic:  14/33      EV: 23    Int: 26    God:    Gozag
Gold:   4084       SH: 16    Dex: 16    Spells: 10 memorised, 16 levels left

rFire  + . .     SeeInvis +     b - +8 autumn katana {slice, Clar}
rCold  + . .     Gourm    .     w - +1 robe {MR+}
rNeg   + + .     Faith    .     K - +2 shield of Iranwoc {Regen+}
rPois  +         Spirit   .     (helmet unavailable)
rElec  .         Reflect  +     u - +1 cloak {rPois}
rCorr  .         Harm     .     P - +0 pair of gloves
MR     ++...     Clarity  +     F - +0 pair of boots
Stlth  +++.......               S - +2 amulet of reflection
                                o - ring "Yntuito" {rPois rF+ rN++}
                                v - ring of protection from cold

@: mighty, brilliant, agile, sluggish, repel missiles, very slow
A: permanent stasis, dig shafts and tunnels, four strong arms, antennae 3
a: Dig, Shaft Self, Potion Petition, Call Merchant, Bribe Branch, Renounce
Religion


You were on level 1 of the Orcish Mines.
You worshipped Gozag.
Gozag was most pleased with you.
You were not hungry.

You visited 4 branches of the dungeon, and saw 24 of its levels.
You also visited: Volcano.

You collected 7728 gold pieces.
You spent 2035 gold pieces at shops.
You paid 1609 gold pieces to Gozag.

Inventory:

Hand Weapons
 b - the +8 autumn katana (weapon) {slice, Clar}
   (You bought it in a shop on level 5 of the Dungeon)

   It inflicts extra damage upon your enemies.
   It protects you against confusion.
Missiles
 k - 904 arrows
Armour
 t - the +0 cloak "Howaessi" {-Cast *Contam rElec rN+++}
   (You acquired it on level 1 of the Orcish Mines)

   It insulates you from electricity.
   It renders you almost immune to negative energy.
   It prevents spellcasting.
   It causes magical contamination when unequipped.
 u - a +1 cloak of poison resistance (worn)
   (You found it on level 6 of the Dungeon)
 w - a +1 robe of magic resistance (worn)
   (You took it off an orc wizard on level 1 of the Orcish Mines)
 F - a +0 pair of boots (worn)
   (You found it on level 4 of the Lair of Beasts)
 K - the +2 shield of Iranwoc (worn) {Regen+}
   (You acquired it on level 1 of the Orcish Mines)

   It increases your rate of regeneration.
 O - a +2 robe of fire resistance
   (You took it off an orc sorcerer on level 2 of the Orcish Mines)
 P - a +0 pair of gloves (worn)
   (You found it on level 13 of the Dungeon)
 Q - a +2 robe of magic resistance
   (You took it off an orc sorcerer on level 1 of the Orcish Mines)
Jewellery
 n - an uncursed ring of fire
   (You found it on level 5 of the Dungeon)
 o - the ring "Yntuito" (right hand) {rPois rF+ rN++}
   (You found it on level 6 of the Lair of Beasts)

   [ring of poison resistance]

   It protects you from fire.
   It protects you from poison.
   It greatly protects you from negative energy.
 v - a ring of protection from cold (left hand)
   (You bought it in a shop on level 5 of the Lair of Beasts)
 B - an uncursed ring of positive energy
   (You found it on level 6 of the Dungeon)
 N - an uncursed ring of poison resistance
   (You found it on level 13 of the Dungeon)
 S - a +2 amulet of reflection (around neck)
   (You found it on level 14 of the Dungeon)
Wands
 a - a wand of digging (13/24)
   (You found it on level 6 of the Lair of Beasts)
 i - a wand of lightning (5/15)
   (You bought it in a shop on level 5 of the Dungeon)
 A - a wand of lightning (1/15)
   (You found it on level 4 of the Lair of Beasts)
 E - a wand of confusion (31/48)
   (You took it off an orc on level 8 of the Dungeon)
 G - a wand of paralysis (14/24)
   (You found it on level 12 of the Dungeon)
 H - a wand of polymorph (6/24)
   (You took it off a vampire on level 13 of the Dungeon)
 I - a wand of lightning (4/15)
   (You took it off a centaur on level 14 of the Dungeon)
 T - a wand of iceblast (12/15)
   (You found it on level 15 of the Dungeon)
 V - a wand of teleportation (5/9)
   (You bought it in a shop on level 2 of the Orcish Mines)
 W - a wand of flame (34/48)
   (You bought it in a shop on level 2 of the Orcish Mines)
Scrolls
 e - 6 scrolls of magic mapping
 g - a scroll of recharging
 l - a scroll of fog
 m - a scroll of identify
 q - 4 scrolls of enchant weapon
 r - 3 scrolls of remove curse
 J - a scroll of fear
 L - 2 scrolls of amnesia
 M - 2 scrolls of enchant armour
Potions
 d - 11 potions of curing
 f - 4 potions of cancellation
 p - 2 potions of invisibility
 s - a potion of agility
 x - a potion of brilliance
 z - 2 potions of magic
 C - a potion of ambrosia
 R - a potion of might
 U - a potion of resistance
Books
 y - a book of Cantrips
   (You found it on level 11 of the Dungeon)

   Spells                             Type                      Level
   a - Confusing Touch                Hexes                        1
   b - Animate Skeleton               Necromancy                   1
   c - Summon Small Mammal            Summoning                    1
   d - Apportation                    Translocation                1
 D - a book of Air
   (You bought it in a shop on level 11 of the Dungeon)

   Spells                             Type                      Level
   a - Shock                          Conjuration/Air              1
   b - Swiftness                      Charms/Air                   2
   c - Repel Missiles                 Charms/Air                   2
   d - Static Discharge               Conjuration/Air              3
   e - Lightning Bolt                 Conjuration/Air              5
Comestibles
 c - 3 bread rations
 h - 10 royal jellies


   Skills:
 + Level 9.5 Fighting
 - Level 12.1 Long Blades
   Level 2.6 Axes
   Level 0.4 Slings
 - Level 7.0 Armour
 * Level 8.8 Dodging
 - Level 2.4 Stealth
 + Level 11.4 Shields
 + Level 12.5 Spellcasting
 - Level 9.3 Conjurations
 - Level 5.8 Charms
 - Level 3.9 Transmutations
 - Level 9.2 Fire Magic


You had 16 spell levels left.
You knew the following spells:

 Your Spells              Type           Power        Failure   Level  Hunger
a - Flame Tongue          Conj/Fire      #####        1%          1    None
b - Throw Flame           Conj/Fire      ######       1%          2    None
c - Inner Flame           Hex/Fire       ######..     1%          3    None
d - Sticky Flame          Conj/Fire      ######..     1%          4    None
e - Fireball              Conj/Fire      ######....   1%          5    ###....
f - Conjure Flame         Conj/Fire      ######..     1%          3    None
g - Sticks to Snakes      Tmut           ######..     1%          2    None
z - Swiftness             Chrm/Air       #####...     1%          2    None
A - Apportation           Tloc           ####......   1%          1    None
O - Repel Missiles        Chrm/Air       #####.       1%          2    None


Dungeon Overview and Level Annotations

Branches:
Dungeon (15/15)            Temple (1/1) D:6            Lair (6/6) D:9
 Shoals (0/4) Lair:2       Spider (0/4) Lair:3        Slime (0/5) Lair:6
    Orc (2/2) D:11            Elf (0/3) Orc:2        Vaults (0/5) D:14
 Depths: D:15

Altars:
Ashenzari
Cheibriados
Dithmenos
Elyvilon
Fedhas
Gozag
Hepliaklqana
Kikubaaqudgha
Makhleb
Nemelex Xobeh
Okawaru
Qazlal
Ru
Sif Muna
Trog
Uskayaw
Vehumet
Yredelemnul
Zin
The Shining One

Shops:
D:5 ((*(   D:7 *   D:8 [*   D:11 :   D:15 [   Orc:2 ?*=(   Lair:5 =

Annotations:
D:8 exclusion: two-headed ogre, Jooles's ghost, novice HECj
D:15 rupert, Rupert
Lair:2 exclusion: 2 oklob plants


Innate Abilities, Weirdness & Mutations

You are under a permanent stasis effect.
You can dig through walls and to a lower floor.
Your four strong arms can wield two-handed weapons with a shield.
You have a pair of large antennae on your head. (SInv)


Message History

[b] - 0 gold - haste, agility and flight [c] - 0 gold - might, agility and brilliance Purchase which effect?
You feel very mighty all of a sudden.
You feel agile all of a sudden.
You feel clever all of a sudden.
You start to feel a little faster.
The orc warlord misses you.
Okay, then.
Unknown command.
Casting: Sticky Flame
Confirm with . or Enter, or press ? or * to list all spells.
Aiming: Sticky Flame
Press: ? - help, Shift-Dir - straight line, f/p - orc warlord
Aim: an orc warlord, wielding an enchanted great sword and wearing a glowing chain mail (almost dead)
The sticky flame hits the orc warlord.
The orc warlord appears unharmed.
The orc warlord is almost dead.
The orc warlord is covered in liquid flames!
The orc warlord burns!
The orc warlord hits you with an enchanted great sword!!
You die...
Your body crumbles into a pile of gold.

........)...## ### ........#.###
#.## ....##...## ###..##
...##....### #.#...#
..##.....#.# ###....###
.###.......### ##........##
###....##....## ###.....#....##
#...#.###....###.#...###.....##
##(.#### ##...##a...#####......#
#.....####...##o#.....##.....###
##...........###.###.[.#.....#
##..(.....)##....#...>....###
##(#....##[[.....#.......#
##)##...###..).[..........#
#.###...###.[.#.......#...####
### #####...#.###....##......#
##.....### ##[..#####...#


You could see an orc warlord (burning).

Vanquished Creatures
  Gastronok (D:10)
  Kirke (D:12)
  Nessos (D:14)
  An ettin (Orc:1)
  Snorg (Lair:6)
  A vault guard (D:14)
  2 centaur warriors
  A catoblepas (D:13)
  3 hydras
  A ghost crab (shapeshifter) (D:13)
  An ogre mage (Volcano)
  2 death knights
  3 tengu warriors
  2 orc high priests (Orc:2)
  5 unseen horrors
  4 hill giants
  5 orc knights
  Pikel (D:5)
  4 orc sorcerers
  3 deep elf magi
  2 manticores
  5 ugly things
  A cyclops (D:14)
  An oklob plant (Lair:2)
  9 black mambas
  9 elephants
  A gargoyle (D:10)
  19 spiny frogs
  A spiny frog (shapeshifter) (D:14)
  8 komodo dragons
  A kobold demonologist (D:15)
  A tengu conjurer (D:14)
  A freezing wraith (D:13)
  11 trolls
  A wind drake (Lair:2)
  2 hornets
  4 two-headed ogres
  Prince Ribbit (D:5)
  A polar bear (Lair:6)
  10 blink frogs
  6 slime creatures
  4 dream sheep (Lair:3)
  7 hippogriffs
  3 vampires
  3 basilisks
  8 wyverns
  5 hogs (D:12)
  65 yaks
  3 wraiths
  A human (D:10)
  A golden eye (shapeshifter) (D:13)
  3 hungry ghosts
  A steam dragon (Lair:4)
  Menkaure (D:7)
  4 swamp worms (Lair:6)
  3 mottled dragons
  7 wargs
  9 water moccasins
  7 ice beasts
  8 porcupines
  2 phantoms
  33 orc warriors
  2 sky beasts
  A black bear (D:12)
  A hornet zombie (D:11)
  A necrophage (D:7)
  28 centaurs
  An eye of draining (D:11)
  12 ogres
  13 wolves
  9 crocodiles
  5 big kobolds
  18 bullfrogs
  A wyvern zombie (D:14)
  A wyvern skeleton (D:13)
  A water moccasin skeleton (D:8)
  5 scorpions
  6 killer bees
  6 howler monkeys
  An electric eel (D:9)
  4 crimson imps
  2 bullfrog zombies (D:5)
  11 hounds
  3 centaur skeletons
  3 centaur zombies
  11 jellies
  A quasit (D:9)
  26 orc priests
  30 orc wizards
  4 bullfrog skeletons
  A human skeleton (D:10)
  Ijyb (D:3)
  5 iguanas
  8 worker ants
  2 hound zombies (D:5)
  5 hound skeletons
  2 worker ant zombies
  A howler monkey zombie (D:5)
  11 gnolls
  13 adders
  3 shadow imps
  7 oozes
  2 adder zombies
  2 adder skeletons (D:5)
  17 worms
  A dart slug (D:1)
  7 leopard geckos
  92 orcs
  4 giant cockroaches
  A goblin (shapeshifter) (D:11)
  16 hobgoblins
  3 jackals
  7 quokkas
  2 ball pythons
  11 bats
  3 frilled lizards
  10 goblins
  2 jackal skeletons
  32 kobolds
  A leopard gecko zombie (D:5)
  A quokka skeleton (D:5)
  A quokka zombie (D:9)
  8 rats
  2 plants
807 creatures vanquished.

Vanquished Creatures (others)
  A centaur warrior (D:14)
  A two-headed ogre (Volcano)
  2 centaurs
  2 worker ant zombies (D:5)
  A leopard gecko (D:5)
  2 orcs
  7 fungi
  17 plants
  2 withered plants (D:15)
35 creatures vanquished.

Grand Total: 842 creatures vanquished

Notes
Turn   | Place    | Note
-------+----------+-------------------------------------------
     0 | D:1      | itsmu the Formicid Fire Elementalist began the quest for the Orb.
     0 | D:1      | Reached XP level 1. HP: 13/13 MP: 3/3
    76 | D:1      | Reached skill level 1 in Conjurations
   315 | D:1      | Reached XP level 2. HP: 19/19 MP: 0/5
   326 | D:1      | Learned a level 2 spell: Throw Flame
   673 | D:1      | Reached skill level 1 in Armour
   673 | D:1      | Reached XP level 3. HP: 25/25 MP: 6/6
   845 | D:2      | Reached skill level 1 in Fighting
   895 | D:2      | Reached skill level 1 in Axes
  1315 | D:2      | Reached XP level 4. HP: 23/32 MP: 7/7
  1402 | D:3      | Noticed an ogre
  1510 | D:3      | Noticed Ijyb
  1519 | D:3      | Killed Ijyb
  1703 | D:3      | Reached XP level 5. HP: 37/38 MP: 8/8
  2765 | D:4      | Reached XP level 6. HP: 46/46 MP: 9/9
  2782 | D:4      | Noticed an orc warrior
  3092 | D:4      | Noticed an ogre
  3746 | D:5      | Entered Level 5 of the Dungeon
  4210 | D:5      | Noticed an ice beast
  4243 | D:5      | Killed an ice beast
  4243 | D:5      | Reached XP level 7. HP: 49/52 MP: 3/10
  4313 | D:5      | Learned a level 4 spell: Sticky Flame
  4363 | D:5      | Learned a level 3 spell: Conjure Flame
  4393 | D:5      | Noticed Prince Ribbit
  4415 | D:5      | Killed Prince Ribbit
  4501 | D:5      | Found an iron altar of Okawaru.
  4945 | D:5      | Reached XP level 8. HP: 58/58 MP: 6/11
  4990 | D:5      | Found Josi's Assorted Antiques.
  5003 | D:5      | Bought a runed iron wand for 104 gold pieces
  5003 | D:5      | Bought a scroll of identify for 52 gold pieces
  5116 | D:5      | Found a shattered altar of Ashenzari.
  5117 | D:5      | Found a glowing golden altar of the Shining One.
  5117 | D:5      | Found a white marble altar of Elyvilon.
  5132 | D:5      | Found a snail-covered altar of Cheibriados.
  5162 | D:5      | Found Soigeiro's Weapon Shop.
  5386 | D:5      | Reached skill level 5 in Fire Magic
  5392 | D:5      | Noticed Pikel
  5458 | D:5      | Killed Pikel
  5458 | D:5      | Reached skill level 5 in Conjurations
  5471 | D:5      | Reached XP level 9. HP: 23/63 MP: 10/14
  5739 | D:5      | huh
  5752 | D:5      | Found Haxy's Weapon Emporium.
  5791 | D:5      | Found Reoppus's Antique Weapon Shop.
  5829 | D:6      | Found a burning altar of Makhleb.
  5843 | D:6      | Learned a level 3 spell: Inner Flame
  5919 | D:6      | Found a staircase to the Ecumenical Temple.
  6403 | D:6      | Reached skill level 5 in Spellcasting
  6475 | D:6      | You fall through a shaft for 2 floors!
  6476 | D:8      | nooo
  6650 | D:8      | Noticed a two-headed ogre
  6716 | D:8      | Noticed Jooles's ghost (novice HECj)
  7535 | D:7      | Noticed a troll
  7548 | D:7      | Killed a troll
  7548 | D:7      | Reached XP level 10. HP: 70/70 MP: 7/20
  8023 | D:7      | Found Qishrol's Assorted Antiques.
  8091 | D:7      | Found a hide-covered altar of Uskayaw.
  8091 | D:7      | Noticed Menkaure
  8103 | D:7      | Killed Menkaure
  9051 | D:6      | Found a basalt altar of Yredelemnul.
  9274 | Temple   | Entered the Ecumenical Temple
  9679 | D:4      | Found an ancient bone altar of Kikubaaqudgha.
  9965 | D:8      | Found Qibal's Antique Armour Shoppe.
 10041 | D:8      | Found an opulent altar of Gozag.
 10046 | D:8      | Found Gozag's Platinum Reserve.
 10050 | D:8      | Became a worshipper of Gozag Ym Sagoz the Greedy
 10235 | D:9      | Reached skill level 1 in Shields
 10405 | D:9      | Learned a level 5 spell: Fireball
 10622 | D:9      | Found a staircase to the Lair.
 10744 | D:9      | Reached XP level 11. HP: 75/75 MP: 2/24
 11923 | Lair:1   | Entered Level 1 of the Lair of Beasts
 11962 | Lair:1   | Reached skill level 1 in Long Blades
 12180 | Lair:1   | Reached skill level 5 in Shields
 12309 | Lair:1   | a vampire???????????
 13111 | Lair:1   | Learned a level 2 spell: Sticks to Snakes
 14378 | Lair:1   | Reached skill level 1 in Transmutations
 14415 | Lair:1   | Reached skill level 10 in Spellcasting
 14672 | Lair:2   | Reached XP level 12. HP: 56/83 MP: 13/26
 15050 | Lair:2   | Found a staircase to the Shoals.
 16758 | Lair:3   | Got a jewelled chain mail
 16895 | Lair:3   | Identified the cursed +1 chain mail of Whack-A-Mole {Regen+ rCorr Int-2} (You found it on level 3 of the Lair of Beasts)
 17178 | Lair:3   | Found a hole to the Spider Nest.
 18024 | Lair:3   | Reached skill level 5 in Long Blades
 18253 | Lair:4   | Reached XP level 13. HP: 90/90 MP: 18/27
 18310 | Lair:4   | Reached skill level 5 in Fighting
 19338 | Lair:4   | Reached skill level 5 in Dodging
 19589 | D:5      | Bought the +8 autumn katana {slice, Clar} for 626 gold pieces
 20374 | Lair:4   | Noticed a seven-headed hydra
 20397 | Lair:4   | Killed a seven-headed hydra
 22298 | Lair:5   | Bought an uncursed ring of protection from cold for 450 gold pieces
 22338 | Lair:6   | Entered Level 6 of the Lair of Beasts
 22350 | Lair:6   | Noticed Snorg
 22955 | Lair:6   | Found a dark tunnel.
 22969 | Volcano  | Entered a volcano
 23178 | Volcano  | Found a radiant altar of Vehumet.
 23183 | Volcano  | Reached skill level 10 in Long Blades
 23192 | Volcano  | Reached XP level 14. HP: 87/99 MP: 20/28
 23201 | Volcano  | Noticed a red draconian
 23203 | Volcano  | uh
 23464 | Lair:6   | Killed Snorg
 23567 | Lair:6   | Found a staircase to the Slime Pits.
 24074 | Lair:6   | Got a smoking silver ring
 24078 | Lair:6   | Identified the ring "Yntuito" {rPois rF+ rN++} (You found it on level 6 of the Lair of Beasts)
 24886 | Lair:6   | Noticed an acid blob
 25175 | D:10     | Entered Level 10 of the Dungeon
 25420 | D:10     | Found a runed door.
 25424 | D:10     | Found a basalt altar of Yredelemnul.
 26162 | D:10     | Noticed Gastronok
 26176 | D:10     | Killed Gastronok
 26788 | D:11     | Found a staircase to the Orcish Mines.
 26944 | D:11     | Learned a level 1 spell: Apportation
 27100 | D:11     | Reached skill level 5 in Armour
 27160 | D:12     | Noticed Kirke
 27293 | D:12     | Killed Kirke
 28069 | D:12     | Reached XP level 15. HP: 106/108 MP: 13/30
 28634 | D:11     | Bought a book of Air for 490 gold pieces
 28637 | D:11     | Learned a level 2 spell: Swiftness
 28643 | D:11     | Learned a level 2 spell: Repel Missiles
 28884 | D:12     | Reached skill level 1 in Charms
 29120 | D:12     | Reached skill level 10 in Shields
 29735 | D:13     | Got a transparent shield
 29746 | D:13     | Identified the cursed +0 shield of the Ban {Str-5 Int+2 Stlth+} (You found it on level 13 of the Dungeon)
 30669 | D:14     | Noticed Nessos
 30680 | D:14     | Killed Nessos
 31264 | D:14     | oops
 31473 | D:14     | Reached skill level 5 in Charms
 32482 | D:14     | Found a gate to the Vaults.
 32535 | D:15     | Entered Level 15 of the Dungeon
 32738 | D:15     | Reached XP level 16. HP: 112/119 MP: 27/32
 32758 | D:15     | Found Fiprughe's Armour Shoppe.
 32773 | D:15     | maybe
 32879 | D:15     | Noticed Rupert
 33172 | Orc:1    | Entered Level 1 of the Orcish Mines
 33206 | Orc:1    | Identified 2 scrolls of acquirement
 33207 | Orc:1    | Got a crude shield
 33221 | Orc:1    | Reached XP level 17. HP: 122/125 MP: 3/33
 33244 | Orc:1    | Identified the +2 shield of Iranwoc {Regen+} (You acquired it on level 1 of the Orcish Mines)
 33368 | Orc:1    | Got a slimy cloak
 33379 | Orc:1    | Identified the +0 cloak "Howaessi" {-Cast *Contam rElec rN+++} (You acquired it on level 1 of the Orcish Mines)
 33690 | Orc:2    | Entered Level 2 of the Orcish Mines
 33690 | Orc:2    | Found Yfocha's Magic Scroll Shoppe.
 33719 | Orc:2    | Bought 2 scrolls of fear for 105 gold pieces
 34018 | Orc:2    | Found Reovap's Weapon Emporium.
 35043 | Orc:2    | Found Maev's Assorted Antiques.
 35043 | Orc:2    | Found Myugg's Jewellery Shoppe.
 35043 | Orc:2    | Found a staircase to the Elven Halls.
 35657 | Orc:2    | Bought a shiny brass wand for 104 gold pieces
 35657 | Orc:2    | Bought a twisted silver wand for 104 gold pieces
 35948 | Orc:1    | Mangled by an orc warlord

Skill      XL: |  1  2  3  4  5  6  7  8  9 10 11 12 13 14 15 16 17 |
---------------+----------------------------------------------------+-----
Conjurations   | 1 2 4 5 7 8 9 |  9.3
Armour         | 1 2 3 5 7 |  7.0
Fighting       | 1 2 3 4 5 7 8 9 |  9.5
Axes           | 1 2 |  2.6
Fire Magic     | 4 5 6 7 8 9 |  9.2
Spellcasting   | 3 6 9 10 11 12 | 12.5
Shields        | 3 6 8 9 10 11 | 11.4
Dodging        | 3 4 5 7 8 |  8.8
Long Blades    | 3 5 10 12 | 12.1
Transmutations | 1 3 |  3.9
Charms         | 5 |  5.8
Slings         | |  0.4
Stealth        | |  2.4

Action                   |  1- 3 |  4- 6 |  7- 9 | 10-12 | 13-15 | 16-18 || total
-------------------------+-------+-------+-------+-------+-------+-------++-------
Melee: Hand axe          |    83 |   173 |   132 |   117 |    16 |       ||   521
       Spear             |     9 |       |       |       |       |       ||     9
       Whip              |       |       |    34 |       |       |       ||    34
       Katana            |       |       |       |       |   597 |   265 ||   862
 Fire: Blowgun           |       |    16 |     5 |       |       |       ||    21
       Hunting sling     |       |    11 |       |       |       |       ||    11
 Cast: Flame Tongue      |     7 |     7 |    18 |    52 |     7 |     1 ||    92
       Sticky Flame      |       |       |     7 |    56 |    93 |    28 ||   184
       Throw Flame       |       |       |    74 |   393 |   527 |   123 ||  1117
       Conjure Flame     |       |       |     6 |    12 |    22 |     5 ||    45
       Inner Flame       |       |       |       |     2 |     8 |     3 ||    13
       Sticks to Snakes  |       |       |       |       |     2 |       ||     2
       Fireball          |       |       |       |       |    19 |    14 ||    33
       Swiftness         |       |       |       |       |     6 |     7 ||    13
       Repel Missiles    |       |       |       |       |     6 |       ||     6
       Apportation       |       |       |       |       |     2 |       ||     2
Invok: Call Merchant     |       |       |       |       |     2 |       ||     2
       Potion Petition   |       |       |       |       |       |     1 ||     1
 Abil: Dig               |     1 |    11 |     9 |    20 |    18 |     3 ||    62
Evoke: Wand              |       |       |       |     5 |     1 |       ||     6
  Use: Scroll            |     5 |    10 |     3 |    12 |     8 |     5 ||    43
       Potion            |       |     3 |     1 |     5 |     5 |     1 ||    15
 Stab: Sleeping          |       |       |     1 |     2 |     2 |       ||     5
       Paralysed         |       |       |       |     4 |       |       ||     4
       Confused          |       |       |       |     1 |       |       ||     1
       Distracted        |       |       |       |       |     3 |       ||     3
  Eat: Chunk             |     2 |     9 |    11 |     9 |       |       ||    31
       Pizza             |       |       |     1 |     2 |       |       ||     3
       Fruit             |       |       |     3 |     6 |    10 |       ||    19
       Meat ration       |       |       |       |     4 |     3 |       ||     7
       Beef jerky        |       |       |       |     1 |     7 |       ||     8
       Bread ration      |       |       |       |       |     5 |     3 ||     8
Armor: Robe              |     3 |     5 |    38 |    38 |    71 |    26 ||   181
       Chain mail        |    54 |    82 |       |       |       |       ||   136
       Skin              |       |     4 |       |    12 |     2 |       ||    18
Dodge: Dodged            |    32 |    74 |   118 |   151 |   223 |    76 ||   674
       Deflected         |       |       |       |       |     9 |     4 ||    13
Block: Shield            |       |       |       |    43 |   317 |   162 ||   522
       Reflection        |       |       |       |       |    18 |    30 ||    48
       Rpst.: Katana     |       |       |       |       |    62 |    19 ||    81
